 Dungeon Crawl Stone Soup version 0.27-a0-1113-gb2b6fe9c5e (webtiles) character file.

Game seed: 9014566880997675191

204447 Gaff the Eclecticist (level 18, 0/142 HPs)
             Began as a Djinni Earth Elementalist on Apr 30, 2021.
             Was the Champion of Lugonu.
             Slain by Agnes
             ... wielding a +2 lajatang of venom
              (52 damage)
             ... on level 15 of the Dungeon on May 1, 2021.
             The game lasted 03:10:25 (35456 turns).

Gaff the Eclecticist (Djinni Earth Elementalist)   Turns: 35456, Time: 03:10:26

Health: 0/142      AC: 12    Str:  7    XL:     18   Next: 65%
Gold:   2585       EV: 12    Int: 28    God:    Lugonu [******] SH: 14 Dex: 17

rFire    + + +     SeeInvis .   J - staff of fire
rCold    . . .     Faith    .   G - +3 kite shield {reflect}
rNeg     + + .     Spirit   .   o - +2 robe {rC+}
rPois    ∞         Reflect  +   i - +2 hat of Wiekhaw {rElec rPois rN+}
rElec    +         Harm     .   n - +1 cloak
rCorr    .         Rampage  .   (no gloves)
Will     +....                  (boots unavailable)
Stlth    ++........             C - amulet of regeneration
HPRegen  1.33/turn              l - +4 ring of protection
MPRegen  0.00/turn              c - ring "Ezifiwolio" {+Blink rN+}

@: about to teleport, death channeling, flying, studying Shields
A: fire resistance 2, cold vulnerability 1, float, innate caster, hp casting,
extra vitality 1, agile 1, clever 2
}: 1/15 runes: gossamer
a: Renounce Religion, Evoke Blink, Depart the Abyss, Bend Space, Banish,
Corrupt, Enter the Abyss, Brand Weapon With Distortion


You were on level 15 of the Dungeon.
You worshipped Lugonu.
Lugonu was exalted by your worship.
You visited 6 branches of the dungeon, and saw 31 of its levels.
You also visited: Ossuary and Bailey.

You collected 2680 gold pieces.
You spent 95 gold pieces at shops.

Inventory:

Hand Weapons
 t - the +6 flail of Womionn {freeze, rElec rF+ Dex+4}
   (You found it on level 11 of the Dungeon)

   It has been specially enchanted to freeze those struck by it, causing extra
   injury to most foes and up to half again as much damage against particularly
   susceptible opponents.
   It can also slow down cold-blooded creatures.
   It affects your dexterity (+4).
   It protects you from fire.
   It insulates you from electricity.
 w - the +8 falchion "Imokh" {vorpal, rF+ rCorr Str+4 Int+3}
   (You found it on level 4 of the Spider Nest)

   It inflicts extra damage upon your enemies.
   It affects your strength (+4).
   It affects your intelligence (+3).
   It protects you from fire.
   It protects you from acid and corrosion.
Missiles
 b - 833 stones
 q - 21 bolts
 v - 6 javelins
 x - 5 throwing nets
Armour
 i - the +2 hat of Wiekhaw (worn) {rElec rPois rN+}
   (You acquired it on level 10 of the Dungeon)

   It insulates you from electricity.
   It protects you from poison.
   It protects you from negative energy.
 n - a +1 cloak (worn)
 o - a +2 robe of cold resistance (worn)
 G - a +3 kite shield of reflection (worn)
Magical Staves
 e - a staff of cold
 J - a staff of fire (weapon)
Jewellery
 c - the ring "Ezifiwolio" (right hand) {+Blink rN+}
   (You found it on level 6 of the Lair of Beasts)

   [ring of positive energy]

   It protects you from negative energy.
   It lets you blink.
 l - a +4 ring of protection (left hand)
 C - an amulet of regeneration (around neck)
Wands
 a - a wand of acid (28)
 L - a wand of paralysis (12)
 M - a wand of mindburst (25)
 O - a wand of charming (17)
 P - a wand of polymorph (20)
Scrolls
 f - a scroll of summoning
 h - 8 scrolls of teleportation
 p - 2 scrolls of blinking
 r - a scroll of enchant armour
 u - 6 scrolls of immolation
 y - 4 scrolls of identify
 Q - 2 scrolls of magic mapping
 R - 4 scrolls of fear
 U - 4 scrolls of fog
Potions
 d - 3 potions of brilliance
 g - a potion of invisibility
 j - a potion of berserk rage
 s - 10 potions of mutation
 z - 5 potions of heal wounds
 A - 9 potions of curing
 B - 6 potions of lignification
 E - a potion of haste
 F - 6 potions of ambrosia
 H - 6 potions of might
Miscellaneous
 V - a lightning rod (4/4)


   Skills:
 + Level 17.1 Fighting
 - Level 6.0 Armour
 - Level 3.0 Dodging
 - Level 1.6 Stealth
 - Level 10.0 Shields
 * Level 19.9 Spellcasting
 - Level 7.9 Invocations


You had 10 spell levels left.
You knew the following spells:

 Your Spells              Type           Power      Damage    Failure   Level
a - Sandblast             Erth           100%       2d20      0%          1
b - Passwall              Tmut/Erth      80%        N/A       0%          2
c - Stone Arrow           Conj/Erth      100%       3d13      0%          3
d - Petrify               Tmut/Erth      96%        N/A       0%          4
e - Lee's Rapid Deconstr  Erth           48%        3d24*     1%          5
f - Sting                 Tmut/Pois      100%       1d8       0%          1
g - Ensorcelled Hibernat  Hex/Ice        100%       N/A       0%          2
h - Spider Form           Tmut/Pois      48%        N/A       0%          3
i - Hailstorm             Conj/Ice       96%        3d19      0%          4
j - Cause Fear            Hex            48%        N/A       0%          4
k - Fireball              Conj/Fire      59%        3d23      1%          5
l - Freezing Cloud        Conj/Ice/Air   48%        6-21      1%          6
m - Death Channel         Necr           48%        N/A       1%          6
Your spell library was empty.

Dungeon Overview and Level Annotations

Branches:
Dungeon (14/15)            Temple (1/1) D:4            Lair (6/6) D:8
  Swamp (0/4) Lair:3       Spider (4/4) Lair:2        Slime (0/5) Lair:6
    Orc (2/2) D:12            Elf (3/3) Orc:2        Vaults (0/5) D:13
Ossuary (visited)          Bailey (visited)

Altars:
Ashenzari
Cheibriados
Dithmenos
Elyvilon
Fedhas
Gozag
Hepliaklqana
Kikubaaqudgha
Makhleb
Nemelex Xobeh
Okawaru
Qazlal
Ru
Sif Muna
Trog
Uskayaw
Vehumet
Wu Jian
Xom
Yredelemnul
Zin
The Shining One
Beogh
Lugonu

Shops:
D:5 [   D:8 *   Orc:2 *(:![   Elf:3 :

Portals:
Trove: D:13 (give 7 scrolls of blinking)

Annotations:
D:2 1 runed translucent door, Crazy Yiuf
D:3 2 transporters, Gaff's ghost, amateur DjEE
D:6 2 runed translucent doors
D:11 6 runed translucent doors, celly00's ghost, journeyman DjAE
D:15 Agnes
Orc:1 2 transporters, Jorgrun
Elf:2 5 runed translucent doors


Innate Abilities, Weirdness & Mutations

You are immune to poison.
Your flesh is very heat resistant. (rF++)
You are vulnerable to cold. (rC-)
You float through the air rather than walking.
You learn spells naturally, not from books.
Your magical power is your life essence.
You have superior vitality. (+4 HP)
You are agile. (Dex +2)
Your mind is very acute. (Int +4)


Message History

You kill the deep elf pyromancer!
Lugonu accepts your kill.
A glowing mist starts to gather...
The blast of rock fragments hits Agnes!!!
Agnes is severely wounded.
Agnes hits you with a +2 lajatang of venom!
A boulder beetle comes into view.
You block the tengu warrior's attack. x2; The tengu warrior misses you.
Casting: Lee's Rapid Deconstruction (safe; 1% risk of failure)
Confirm with . or Enter, or press ? or * to list all spells.
Aiming: Lee's Rapid Deconstruction (safe; 1% risk of failure)
Press: ? - help, Dir - move target A rock wall.
The wall shatters!
The blast of rock fragments hits Agnes!
Agnes is almost dead.
Agnes hits you with a +2 lajatang of venom!!
* * * LOW HITPOINT WARNING * * *
Agnes barely misses you.
The boulder beetle curls into a ball and begins rolling!
You block Agnes's attack.
The tengu warrior hits you with a +0 long sword.
* * * LOW HITPOINT WARNING * * *
You block the tengu warrior's attack. The tengu warrior claws you.
* * * LOW HITPOINT WARNING * * *
As you read the scroll of teleportation, it crumbles to dust.
You feel strangely unstable.
Agnes hits you with a +2 lajatang of venom!!
* * * LOW HITPOINT WARNING * * *
You block Agnes's attack.
Agnes hits your spectral deep elf pyromancer with a +2 lajatang of venom!!!
A fire dragon comes into view.
The orc knight hits your spectral deep elf pyromancer with a +3 battleaxe!!
Your spectral deep elf pyromancer is destroyed!
The boulder beetle is engulfed in blazing flames.
The tengu warrior hits you with a +0 long sword.
* * * LOW HITPOINT WARNING * * *
You block the tengu warrior's attack. x2
You feel much better.
Agnes hits you with a +2 lajatang of venom!!!
You die...

#. ##.....
#D..+...... .....+
..°°#.....# .....#
...B.....# ?....+
#C.°....# .....#
#...☼R..# .....#
###....Q..####.....##
......o.@.'..........
#...#..)i.##^..##...
#.......####...#
##.....!...#...#
#.....(...#...#
######........#
#..#.#.### #......#
.... .#


You could see a fire dragon, a boulder beetle (rolling), an orc knight, a tengu
warrior, a cyclops, an efreet and the neutral Agnes (fast, strong, insane).

Vanquished Creatures
  A deep elf blademaster (Elf:2)
  A deep elf master archer (Elf:3)
  Donald (Spider:2)
  Kirke (Spider:3)
  A fire giant (D:11)
  3 deep elf sorcerers
  2 ghost moths
  An orc warlord (Orc:1)
  3 deep elf elementalists (Elf:3)
  Aizul (Spider:2)
  3 emperor scorpions
  6 deep elf demonologists
  2 deep elf annihilators (Elf:3)
  3 entropy weavers
  4 spark wasps
  3 deep elf death magi (Elf:3)
  Josephine (Lair:4)
  3 deep elf high priests (Elf:3)
  A fire dragon (D:12)
  Erolcha (D:11)
  Harold (Orc:1)
  4 hydras
  An ogre mage (D:13)
  A centaur warrior (D:13)
  5 two-headed ogres
  4 boulder beetles
  5 orc high priests (Orc:2)
  8 dancing weapons
  10 deep elf knights
  26 deep elf zephyrmancers
  14 deep elf archers
  Pikel (D:7)
  2 ugly things
  23 orb spiders
  A necromancer (Lair:3)
  9 orc knights
  29 wolf spiders
  2 wizards
  22 deep elf pyromancers
  2 manticores
  3 orc sorcerers
  A cyclops (D:13)
  A salamander (shapeshifter) (D:15)
  A moth of wrath (Spider:2)
  7 elephants (Lair:5)
  3 black mambas
  18 cane toads
  A gargoyle (D:13)
  A torpor snail (Lair:5)
  A rime drake (Lair:4)
  An unseen horror (D:12)
  A tengu conjurer (Elf:1)
  8 komodo dragons
  9 demonic crawlers
  3 meliai
  A meliai (shapeshifter) (D:13)
  3 tyrant leeches (Lair:6)
  47 jumping spiders
  Grinder (D:6)
  6 polar bears
  2 hornets
  4 trolls
  31 blink frogs
  13 slime creatures
  3 air elementals
  64 redbacks
  26 tarantellas
  8 wraiths
  33 yaks
  2 shadows
  5 wyverns
  3 fire elementals
  2 water elementals
  3 basilisks
  5 hogs
  10 vampire mosquitoes
  5 wargs
  An acid dragon (D:13)
  14 water moccasins
  An ice beast (D:8)
  3 sky beasts
  48 orc warriors
  4 black bears
  10 ogres
  4 centaurs
  2 necrophages (D:5)
  A phantom (D:5)
  14 wolves
  2 lemures (D:7)
  A boggart (Elf:1)
  2 kobold brigands
  18 bullfrogs
  2 gnoll sergeants (D:12)
  2 wyvern skeletons (D:7)
  A wyvern zombie (D:8)
  A water moccasin skeleton (D:5)
  6 killer bees (D:6)
  10 wights
  4 howler monkeys (D:8)
  7 electric eels
  6 centaur zombies
  3 hounds
  37 orc priests
  4 jellies
  2 iguanas
  13 hell rats
  15 orc wizards
  2 yak simulacra (Lair:3)
  2 polar bear simulacra (Lair:3)
  A killer bee zombie (D:5)
  4 wolf simulacra (Lair:3)
  A hound skeleton (D:5)
  2 mummies (Ossuary)
  A howler monkey zombie (D:6)
  10 gnolls
  A howler monkey skeleton (D:7)
  6 adders
  4 shadow imps (D:3)
  A worm (D:3)
  5 dart slugs
  104 orcs
  7 ball pythons
  4 bats
  6 endoplasms
  3 giant cockroaches
  9 goblins
  9 hobgoblins
  11 jackals
  6 kobolds
  3 quokkas
  3 frilled lizards
  2 goblin zombies (Ossuary)
  3 kobold zombies (Ossuary)
  2 orc zombies (Ossuary)
  7 rats
  3 river rat simulacra (Lair:3)
1008 creatures vanquished.

Vanquished Creatures (collateral kills)
  A ghost moth (Spider:4)
  3 emperor scorpions (Spider:4)
  An orb spider (Spider:4)
  A wolf spider (Spider:4)
  A moth of wrath (Spider:4)
  2 jumping spiders (Spider:4)
  2 redbacks (Spider:4)
11 creatures vanquished.

Vanquished Creatures (others)
  A deep elf zephyrmancer (Elf:1)
  A demonic crawler (Spider:4)
  A redback (Spider:3)
  55 fungi
  111 plants
169 creatures vanquished.

Grand Total: 1188 creatures vanquished

Notes
Turn   | Place    | Note
-------+----------+-------------------------------------------
     0 | D:1      | Gaff the Djinni Earth Elementalist began the quest for the
                  | Orb.
     0 | D:1      | Reached XP level 1. HP: 15/15 MP: 0/0
   185 | D:1      | Reached skill level 3 in Spellcasting
   185 | D:1      | Reached XP level 2. HP: 15/21 MP: 0/0
   966 | D:1      | Reached XP level 3. HP: 24/26 MP: 0/0
   966 | D:1      | Learned a level 1 spell: Sting
  1470 | D:2      | Reached skill level 1 in Fighting
  1893 | D:2      | Found a runed translucent door.
  1894 | D:2      | Noticed Crazy Yiuf
  1947 | D:2      | Reached XP level 4. HP: 29/32 MP: 0/0
  2126 | D:2      | Noticed a sky beast
  2142 | D:2      | Killed a sky beast
  2143 | D:2      | Reached skill level 4 in Spellcasting
  2143 | D:2      | Reached XP level 5. HP: 20/39 MP: 0/0
  2143 | D:2      | Learned a level 2 spell: Ensorcelled Hibernation
  2908 | D:2      | Reached XP level 6. HP: 28/45 MP: 0/0
  3039 | D:2      | Reached skill level 5 in Spellcasting
  3474 | D:3      | Found a transporter.
  3488 | D:3      | Found a transporter.
  3944 | D:3      | Found a glowing golden altar of the Shining One.
  4014 | D:3      | Reached XP level 7. HP: 33/50 MP: 0/0
  4014 | D:3      | Learned a level 3 spell: Spider Form
  4140 | D:3      | Found an ornate altar of the Wu Jian Council.
  4370 | D:3      | Found a transporter.
  4370 | D:3      | Noticed Gaff's ghost (amateur DjEE)
  4378 | D:3      | Found a transporter.
  4559 | D:3      | Found a shimmering altar of Xom.
  4818 | D:4      | Found a staircase to the Ecumenical Temple.
  4840 | Temple   | Entered the Ecumenical Temple
  4870 | Temple   | Became a worshipper of Ru the Awakened
  4902 | Temple   | Fell from the grace of Ru
  4902 | Temple   | Became a worshipper of Lugonu the Unformed
  4902 | Temple   | Reached * piety under Lugonu
  5938 | D:4      | Found a glowing silver altar of Zin.
  6091 | D:5      | Entered Level 5 of the Dungeon
  6103 | D:5      | Found Urah's Armour Shop.
  6194 | D:5      | Bought a +0 buckler for 58 gold pieces
  6288 | D:5      | Reached skill level 6 in Spellcasting
  6335 | D:5      | Reached skill level 1 in Shields
  6873 | D:5      | Reached ** piety under Lugonu
  6955 | D:5      | Reached XP level 8. HP: 45/58 MP: 0/0
  7389 | D:5      | Reached skill level 5 in Fighting
  7389 | D:5      | Reached skill level 7 in Spellcasting
  7696 | D:6      | Found a sand-covered staircase.
  7703 | Ossuary  | Entered an ossuary
  8200 | D:6      | Found a large runed translucent door.
  8200 | D:6      | Found a large runed translucent door.
  8201 | D:6      | Found a shimmering altar of Xom.
  8203 | D:6      | Noticed Grinder
  8222 | D:6      | Paralysed by Grinder for 3 turns
  8229 | D:6      | Killed Grinder
  8230 | D:6      | Reached XP level 9. HP: 44/66 MP: 0/0
  8230 | D:6      | Learned a level 4 spell: Hailstorm
  8273 | D:6      | Found a sparkling altar of Nemelex Xobeh.
  8425 | D:6      | Reached skill level 8 in Spellcasting
  9401 | D:7      | Noticed Pikel
  9405 | D:7      | Killed Pikel
  9406 | D:7      | Reached skill level 9 in Spellcasting
  9619 | D:7      | Reached *** piety under Lugonu
  9634 | D:7      | Reached XP level 10. HP: 37/75 MP: 0/0
 10121 | D:8      | Found a flagged portal.
 10153 | Bailey   | Entered a bailey
 10296 | Bailey   | Reached skill level 10 in Spellcasting
 10558 | Bailey   | Noticed an orc knight
 10568 | Bailey   | Killed an orc knight
 10787 | D:8      | Found Jizir's Assorted Antiques.
 10792 | D:8      | Found a snail-covered altar of Cheibriados.
 10803 | D:8      | Bought a scroll labelled FOOTAG KAGGO for 37 gold pieces
 11070 | D:8      | Found a staircase to the Lair.
 11149 | D:8      | Found a hazy altar of Hepliaklqana.
 11241 | D:8      | Found a shadowy altar of Dithmenos.
 11608 | D:9      | Noticed a two-headed ogre
 11752 | D:8      | Killed a two-headed ogre
 11753 | D:8      | Reached skill level 11 in Spellcasting
 11834 | D:9      | Found a stormy altar of Qazlal.
 11868 | D:9      | Reached XP level 11. HP: 61/84 MP: 0/0
 11868 | D:9      | Learned a level 4 spell: Cause Fear
 12042 | D:9      | Reached **** piety under Lugonu
 12225 | D:9      | Found a broken altar of Ashenzari.
 12280 | D:9      | Found an opulent altar of Gozag.
 12875 | D:10     | Entered Level 10 of the Dungeon
 13670 | D:10     | Identified a scroll of acquirement
 13670 | D:10     | Acquired the +2 hat of Wiekhaw {rElec rPois rN+}
 13917 | D:11     | Noticed Erolcha
 13923 | D:11     | Killed Erolcha
 13924 | D:11     | Reached skill level 12 in Spellcasting
 13925 | D:11     | Reached skill level 10 in Fighting
 14043 | D:11     | Noticed a death knight
 14309 | D:12     | Noticed a manticore
 14314 | D:12     | Killed a manticore
 14400 | D:12     | Gained mutation: Your mind is acute. (Int +2) [potion of
                  | mutation]
 14400 | D:12     | Gained mutation: You are agile. (Dex +2) [potion of
                  | mutation]
 14400 | D:12     | Gained mutation: Your mind is very acute. (Int +4) [potion
                  | of mutation]
 14404 | D:11     | Noticed a fire dragon
 14424 | D:12     | Noticed a red ugly thing
 14431 | D:12     | Killed a red ugly thing
 14432 | D:12     | Reached skill level 1 in Invocations
 14588 | D:12     | Found a staircase to the Orcish Mines.
 14655 | D:12     | Reached ***** piety under Lugonu
 14845 | Orc:1    | Entered Level 1 of the Orcish Mines
 14849 | Orc:1    | Reached XP level 12. HP: 83/92 MP: 0/0
 14849 | Orc:1    | Noticed Harold
 14857 | Orc:1    | Killed Harold
 15375 | Orc:1    | Noticed Jorgrun
 15377 | Orc:1    | Noticed a two-headed ogre
 15379 | Orc:1    | Noticed a two-headed ogre
 15511 | Orc:1    | Noticed an orc warlord
 15511 | Orc:1    | Noticed an orc warlord
 15512 | Orc:1    | Found a transporter.
 15512 | Orc:1    | Noticed a two-headed ogre
 15574 | Orc:2    | Entered Level 2 of the Orcish Mines
 15641 | Orc:2    | Noticed an orc warlord
 15703 | Orc:1    | Killed an orc warlord
 15704 | Orc:1    | Reached skill level 13 in Spellcasting
 15776 | Orc:1    | Paralysed by an orc sorcerer for 4 turns
 16012 | Orc:2    | Noticed an orc high priest
 16015 | Orc:2    | Killed an orc high priest
 16490 | Orc:2    | Found Jotoiff's Assorted Antiques.
 16498 | Orc:2    | Reached skill level 5 in Invocations
 16580 | Orc:1    | Reached ****** piety under Lugonu
 16713 | Orc:2    | Reached skill level 1 in Armour
 16798 | Orc:2    | Noticed a two-headed ogre
 16803 | Orc:2    | Killed a two-headed ogre
 16804 | Orc:2    | Reached XP level 13. HP: 81/99 MP: 0/0
 16804 | Orc:2    | Learned a level 5 spell: Fireball
 16821 | Orc:2    | Found a staircase to the Elven Halls.
 16973 | Orc:2    | Reached skill level 14 in Spellcasting
 17153 | Orc:2    | Found Peitetun's Armour Shop.
 17153 | Orc:2    | Found Ewkul's Antique Weapon Shop.
 17154 | Orc:2    | Found Dahinome's Distillery.
 17154 | Orc:2    | Found Kuforuqo's Book Shop.
 17495 | Orc:1    | Found a transporter.
 17783 | Elf:1    | Entered Level 1 of the Elven Halls
 18204 | D:11     | Noticed a fire giant
 18209 | D:11     | Killed a fire giant
 18210 | D:11     | Reached skill level 5 in Armour
 18252 | D:12     | Killed a fire dragon
 18409 | D:11     | Found a runed translucent gate.
 18409 | D:11     | Found a runed translucent gate.
 18409 | D:11     | Found a runed translucent gate.
 18410 | D:11     | Noticed celly00's ghost (journeyman DjAE)
 18478 | D:11     | Identified the +6 flail of Womionn {freeze, rElec rF+
                  | Dex+4}
 18504 | D:11     | Found a runed translucent door.
 18504 | D:11     | Noticed an ettin
 18505 | D:11     | Found a runed translucent door.
 18505 | D:11     | Found a runed translucent door.
 18505 | D:11     | Noticed an ettin
 18505 | D:11     | Noticed a fire giant
 18679 | Lair:1   | Entered Level 1 of the Lair of Beasts
 19029 | Lair:1   | Reached XP level 14. HP: 104/108 MP: 0/0
 19689 | Lair:2   | Found a hole to the Spider Nest.
 19827 | Lair:2   | Reached skill level 15 in Spellcasting
 20463 | Lair:3   | Acquired a staff of death
 20536 | Lair:3   | Found a staircase to the Swamp.
 21653 | Lair:4   | Noticed Josephine
 21659 | Lair:4   | Killed Josephine
 23167 | Lair:6   | Entered Level 6 of the Lair of Beasts
 23450 | Lair:6   | Reached XP level 15. HP: 103/115 MP: 0/0
 23450 | Lair:6   | Learned a level 6 spell: Freezing Cloud
 23565 | Lair:6   | Reached skill level 16 in Spellcasting
 24021 | Lair:6   | Found a staircase to the Slime Pits.
 24392 | Lair:6   | Identified the +11 short sword of the Crypt {venom, Will-
                  | Dex+5}
 24408 | Lair:6   | Identified the ring "Ezifiwolio" {+Blink rN+}
 25062 | Spider:1 | Entered Level 1 of the Spider Nest
 25312 | Spider:1 | Reached skill level 5 in Shields
 26313 | Spider:1 | Reached XP level 16. HP: 96/124 MP: 0/0
 26451 | Spider:2 | Reached skill level 17 in Spellcasting
 27157 | Spider:3 | Noticed Donald
 27175 | Spider:3 | Noticed Aizul
 27690 | Spider:2 | Killed Aizul
 28206 | Spider:2 | Killed Donald
 28343 | Spider:3 | Reached skill level 10 in Shields
 28351 | Spider:3 | Noticed Kirke
 28358 | Spider:3 | Killed Kirke
 28359 | Spider:3 | Reached skill level 15 in Fighting
 28750 | Spider:4 | Entered Level 4 of the Spider Nest
 29247 | Spider:4 | Reached skill level 18 in Spellcasting
 29385 | Spider:4 | Reached XP level 17. HP: 102/131 MP: 0/0
 29385 | Spider:4 | Learned a level 6 spell: Death Channel
 29786 | Spider:4 | Got a gossamer rune of Zot
 29848 | Spider:4 | Identified the +8 falchion "Imokh" {vorpal, rF+ rCorr Str+4
                  | Int+3}
 32086 | Elf:2    | Reached skill level 19 in Spellcasting
 32518 | Elf:2    | Found a huge runed translucent gate.
 32518 | Elf:2    | Found a huge runed translucent gate.
 32518 | Elf:2    | Found a huge runed translucent gate.
 32518 | Elf:2    | Found a huge runed translucent gate.
 32518 | Elf:2    | Found a huge runed translucent gate.
 32810 | Elf:2    | Identified the +1 leather armour "Loamebir" {rF+ Stlth+}
 32977 | Elf:3    | Entered Level 3 of the Elven Halls
 32999 | Elf:3    | Reached XP level 18. HP: 125/141 MP: 0/0
 33068 | Elf:3    | Identified the +1 plate armour of Surprise {Harm *Slow
                  | Str+3}
 33796 | Elf:3    | Found Neshrif's Book Emporium.
 34148 | Elf:3    | Noticed a deep elf blademaster
 34149 | Elf:3    | Noticed a deep elf blademaster
 34178 | Elf:2    | Killed a deep elf blademaster
 34485 | Elf:3    | Noticed a deep elf master archer
 34525 | Elf:3    | Killed a deep elf master archer
 34856 | D:13     | Identified the +3 shortbow of Imasm {flame, rN+ Will+ Str+2
                  | Int+2}
 35026 | D:13     | Found a gate to the Vaults.
 35268 | D:13     | Found a portal to a secret trove of treasure.
 35435 | D:14     | You are sucked into a shaft and drop 1 floor!
 35435 | D:15     | Entered Level 15 of the Dungeon
 35448 | D:15     | Noticed Agnes
 35456 | D:15     | Slain by Agnes

Illustrated notes

Levels and vault maps discovered:
D:1:      dpeg_arrival_snail, layout_basic, minmay_misc_feat_encased
D:2:      minmay_diamond_boxcup, layout_rooms, uniq_crazy_yiuf_cottage
D:3:      gammafunk_wand_slinger, layout_basic, nicolae_tso_swordbearing_angel,
          amcnicky_altar_gilded, general_overflow_altar, gammafunk_ghost_arena
D:4:      layout_loops_ring, kennysheep_little_box,
          nicolae_sif_muna_condensation, minmay_temple_entry_junction,
          small_statue_intersection, kennysheep_crisscross
D:5:      layout_rooms, serial_shops, shop
D:6:      due_chaos_kobolds, layout_basic, nemelex_xobeh_ov_fountains_minmay,
          nicolae_ossuary_entry_monument, uniq_grinder
D:7:      layout_basic, grunt_decor_junction, uniq_pikel
D:8:      layout_rooms, cheibriados_altar_1, lemuel_tele_altar,
          gammafunk_temple_overflow_statue, dpeg_oklobed_lair, serial_rivers,
          chequers_serial_rivers_small_3, chequers_serial_rivers_room_a,
          chequers_serial_rivers_small_3, chequers_serial_rivers_marsh,
          chequers_serial_rivers_large_a, chequers_serial_rivers_small_3,
          enter_bailey_4, serial_shops, shop_coins, minmay_misc_feat_room
D:9:      layout_stronghold, grunt_gozag_statues,
          nicolae_qazlal_style_of_elements, nicolae_overflow_crystal_walls,
          serial_rivers, chequers_serial_rivers_micro_d,
          chequers_serial_rivers_room_b, chequers_serial_rivers_small_b,
          chequers_serial_rivers_small_b
D:10:     layout_basic, serial_glass, glass_columns_a, glass_columns_a,
          feat_on_display, feat_on_display, feat_on_display,
          chequers_serial_rivers_micro_a, kennysheep_generic_room_12
D:11:     minmay_the_grid_four_pointed_star
          [minmay_the_grid_triangle_9x9_wacky_v,
          minmay_the_grid_triangle_9x9_warning,
          minmay_the_grid_triangle_9x9_fully_insulated_deathbox,
          minmay_the_grid_triangle_9x9_longest,
          minmay_the_grid_prize_diamond_cup], layout_rooms,
          gammafunk_ghost_necromancy, uniq_erolcha
D:12:     layout_cave_pools, kennysheep_orc_monster_closet_entryway
D:13:     layout_cave_pools, david_vaults_2, enter_trove_3,
          minmay_misc_feat_four_crosses
D:14:     layout_irregular_city, serial_ice, serial_ice_k, serial_ice_d,
          serial_ice_b, serial_ice_c, infiniplex_staircase_spiral_double,
          serial_shops, shop_statue
D:15:     grunt_enter_depths_snipers, layout_basic, minmay_misc_feat_rugged,
          minmay_misc_feat_five, minmay_circle_x, uniq_agnes, uniq_louise
Temple:   corrupted_temple
Lair:1:   layout_roguey, minmay_stone_trees_small
Lair:2:   layout_regular_city, nicolae_spider_entry_orb_guardian
Lair:3:   layout_concentric_octagons, swamp_mist, st_stairs_6, minivault_25,
          eino_house_with_fridge
Lair:4:   layout_regular_city, infiniplex_staircase_pool_2, uniq_josephine
Lair:5:   layout_cave_pods, minivault_24, gammafunk_lair_bear_cave
Lair:6:   minmay_lair_end_frog_pond, layout_layer_cave,
          minmay_slime_entry_pillars, cheibrodos_lair_lostbears
Spider:1: layout_spider_delve, nicolae_spider_some_kinda_spiderbox
Spider:2: layout_spider_delve, hive_lemuel
Spider:3: layout_spider_delve, nicolae_spider_bzzzt, uniq_kirke, uniq_aizul,
          uniq_donald
Spider:4: grunt_spider_rune_circles
Orc:1:    gammafunk_beogh_shrine, layout_diamond_mine, uniq_harold, uniq_jorgrun
Orc:2:    st_orc_pillars, layout_caves, serial_shops, nicolae_shop_behind_doors
Elf:1:    eino_elf_arrival_customs, layout_loops_corners,
          hangedman_elf_disciples, hex_large
Elf:2:    layout_geoelf_grid, basic_altar, lemuel_upstairs_altar,
          lemuel_elevator
Elf:3:    elf_hall, layout_loops_corners, serial_shops, shop

Skill      XL: |  1  2  3  4  5  6  7  8  9 10 11 12 13 14 15 16 17 18 |
---------------+-------------------------------------------------------+-----
Spellcasting   | 3 4 5 6 7 9 11 12 13 14 15 16 18 19 | 19.9
Fighting       | 1 2 3 4 5 7 9 10 11 12 13 14 15 16 17 | 17.1
Shields        | 1 3 4 7 10 | 10.0
Invocations    | 2 5 7 |  7.9
Armour         | 1 5 6 |  6.0
Dodging        | 3 |  3.0
Stealth        | |  1.6

Action                   |  1- 3 |  4- 6 |  7- 9 | 10-12 | 13-15 | 16-18 || total
-------------------------+-------+-------+-------+-------+-------+-------++-------
Melee: Dagger            |    47 |       |       |       |       |       ||    47
       Trident           |    34 |       |       |       |       |       ||    34
       Mace              |       |    13 |       |       |       |       ||    13
       Long sword        |       |       |       |     1 |     1 |       ||     2
       Staff             |       |       |       |       |     3 |     2 ||     5
 Cast: Sandblast         |    15 |       |     1 |       |       |       ||    16
       Sting             |    22 |    35 |       |       |       |       ||    57
       Ensorcelled Hiber |       |     1 |       |       |       |       ||     1
       Stone Arrow       |       |    34 |   128 |     6 |       |       ||   168
       Spider Form       |       |       |     1 |       |       |       ||     1
       Petrify           |       |       |    10 |    41 |    20 |     5 ||    76
       Lee's Rapid Decon |       |       |    23 |   316 |   171 |   230 ||   740
       Hailstorm         |       |       |     2 |    12 |       |     4 ||    18
       Cause Fear        |       |       |       |     8 |    31 |    44 ||    83
       Fireball          |       |       |       |       |   334 |   254 ||   588
       Freezing Cloud    |       |       |       |       |     5 |     2 ||     7
       Death Channel     |       |       |       |       |       |    45 ||    45
Invok: Banish            |       |       |       |       |       |     1 ||     1
  Use: Scroll            |       |     1 |     4 |    14 |    10 |    11 ||    40
       Potion            |       |       |     1 |     3 |       |     4 ||     8
 Stab: Sleeping          |     2 |     2 |       |       |       |       ||     4
       Petrifying        |       |       |       |     1 |       |       ||     1
Armor: Robe              |    24 |    14 |     7 |    31 |    18 |    73 ||   167
       Leather armour    |       |       |       |    13 |       |       ||    13
Dodge: Dodged            |    73 |    37 |    26 |    65 |    58 |    96 ||   355
Block: Buckler           |       |       |     7 |    38 |    22 |    20 ||    87
       Kite shield       |       |       |       |       |       |    67 ||    67
       Reflection        |       |       |       |       |       |     7 ||     7
       Rpst.: Long sword |       |       |       |     8 |     1 |       ||     9

Table legend: (Time is in decaauts)
 A = Elapsed time spent in this place.
 B = Non-inter-level travel time spent in this place.
 C = Inter-level travel time spent in this place.
 D = Time resting spent in this place.
 E = Time spent auto-exploring this place.
 F = Levels seen in this place.
 G = Mean time per level.
                   A        B        C        D        E       F      G
               +--------+--------+--------+--------+--------+-----+--------+
         Total |  35585 |  33001 |   2584 |   9302 |  12349 |  33 | 1078.3 |
       Dungeon |  15462 |  14463 |    999 |   4524 |   6344 |  15 | 1030.8 |
        Temple |     78 |     70 |      8 |      0 |     27 |   1 |   78.0 |
          Lair |   6836 |   6260 |    576 |   1114 |   3397 |   6 | 1139.3 |
   Spider Nest |   4775 |   4379 |    396 |   1427 |    895 |   4 | 1193.8 |
  Orcish Mines |   3007 |   2726 |    281 |   1096 |    652 |   2 | 1503.5 |
   Elven Halls |   4550 |   4228 |    322 |    904 |    960 |   3 | 1516.7 |
       Ossuary |    271 |    271 |      0 |    105 |      0 |   1 |  271.0 |
        Bailey |    602 |    602 |      0 |    132 |     74 |   1 |  602.0 |
               +--------+--------+--------+--------+--------+-----+--------+

Top non-repeatable levels by time:
   Elf:1: 1806 daAuts
     D:2: 1785 daAuts
     D:3: 1741 daAuts
   Orc:1: 1594 daAuts
     D:4: 1573 daAuts
  Lair:6: 1559 daAuts
Spider:1: 1533 daAuts
     D:1: 1437 daAuts
   Orc:2: 1413 daAuts
   Elf:3: 1371 daAuts
   Elf:2: 1371 daAuts
  Lair:2: 1347 daAuts
Spider:2: 1335 daAuts
  Lair:5: 1264 daAuts
     D:8: 1264 daAuts
